 Dungeon Crawl Stone Soup version 0.31-a0-691-g409c26aa35 (webtiles) character file.

Game seed: 1917730516608688951

644 qw the Skirmisher (level 7, -13/44 HPs)
             Began as a Gargoyle Hunter on Sept 6, 2023.
             Mangled by a two-headed ogre
             ... wielding a +0 giant club
              (22 damage)
             ... on level 4 of the Dungeon.
             The game lasted 00:01:21 (3041 turns).

qw the Skirmisher (Gargoyle Hunter)                 Turns: 3041, Time: 00:01:21

Health: -13/44     AC: 11    Str: 14    XL:     7   Next: 52%
Magic:  7/7        EV: 10    Int: 10    God:
Gold:   181        SH:  0    Dex: 15    Spells: 6/6 levels left

rFire   . . .        e - +2 shortbow (heavy)
rCold   . . .        (shield currently unavailable)
rNeg    + . .        g - +0 ring mail
rPois   inf          c - +0 helmet
rElec   +            (no cloak)
rCorr   .            (no gloves)
SInv    .            (no boots)
Will    .....        a - amulet of the acrobat
Stlth   +            (no ring)
HPRegen 0.27/turn    (no ring)
MPRegen 0.10/turn

%: acrobat
@: about to teleport
A: sickness immunity, AC +4, negative energy resistance 1, electricity
resistance, torment resistance 1, petrification resistance
a: no special abilities


You were on level 4 of the Dungeon.
You visited 1 branch of the dungeon, and saw 5 of its levels.
You also visited: Ossuary.

You collected 181 gold pieces.


Innate Abilities, Weirdness & Mutations

You are immune to sickness and miasma.
Your stone body is resilient. (AC +4)
You are immune to poison.
You resist negative energy. (rN+)
You are resistant to electric shocks. (rElec)
You are resistant to unholy torment.
You are immune to petrification.


   Skills:
 + Level 4.4 Fighting
 - Level 8.1 Ranged Weapons
 - Level 1.0 Armour
 - Level 1.5 Dodging
 - Level 1.1 Stealth


You had 6 spell levels left.
You didn't know any spells.
Your spell library was empty.

Inventory:

Hand Weapons
 e - a +2 heavy shortbow (weapon)
Armour
 c - a +0 helmet (worn)
 g - a +0 ring mail (worn)
Jewellery
 a - an amulet of the acrobat (around neck)
Scrolls
 b - 6 scrolls of teleportation
 f - a scroll of identify
 p - a scroll of brand weapon
Potions
 d - a potion of brilliance {unknown}
 h - a potion of curing
 i - a potion of enlightenment {unknown}
 j - a potion of haste {unknown}
 k - a potion of attraction {unknown}
 l - a potion of might {unknown}
 m - a potion of magic {unknown}
 n - a potion of cancellation
 o - a potion of heal wounds {unknown}

Dungeon Overview and Level Annotations

Branches:
Dungeon (5/15)            Ossuary (visited)
 Temple: D:4-7

Altars:

Annotations:
D:4 2 runed translucent doors


Message History

Found a ring mail.
You see here a +0 ring mail.
A giant cockroach comes into view.
You shoot an arrow. The arrow hits the giant cockroach!!
You kill the giant cockroach!
You see here a giant cockroach corpse.
An orc comes into view. It is wielding a +0 club.
You shoot an arrow. The arrow hits the orc.
The orc is moderately wounded.
You hear an angry hiss.
An adder comes into view.
The orc hits you but does no damage. The orc hits you with a +0 club.
You hear two shouts!
You shoot an arrow. The arrow hits the orc!
You kill the orc!
The adder misses you.
You shoot an arrow. The arrow hits the adder!
You kill the adder!
A two-headed ogre comes into view.
It is wielding a +0 giant club and a +0 giant spiked club.
You shoot an arrow.
The arrow completely misses the two-headed ogre.
You shoot an arrow.
The arrow hits the two-headed ogre but does no damage.
The two-headed ogre hits you with a +0 giant club.
The two-headed ogre hits you with a +0 giant spiked club!
You shoot an arrow. The arrow hits the two-headed ogre!
The two-headed ogre is lightly wounded.
The two-headed ogre hits you with a +0 giant club!
The two-headed ogre hits you with a +0 giant spiked club!
You shoot an arrow.
The arrow hits the two-headed ogre but does no damage.
The two-headed ogre is lightly wounded.
The two-headed ogre barely misses you.
The two-headed ogre hits you with a +0 giant spiked club.
3041 ||| READING 7 scrolls of teleportation.
As you read the scroll of teleportation, it crumbles to dust.
You feel strangely unstable.
The two-headed ogre hits you with a +0 giant club!!
Ouch! That really hurt!
You die...

. ##.............. .#
#..#....)....... .#:
#.........#####. #8.
##........# ## #8. #######
.#.#......# #
..##++##.'.#.##.#.#.######
#........#..#[#.#.#.#
########.#.####O#.#.#
#.##.%.@##...#
#..######....#
##........#..#
######.....## #######


You could see a two-headed ogre.

Vanquished Creatures
  Grinder (D:4)
  5 centaur zombies (Ossuary)
  An iguana (D:5)
  5 mummies (Ossuary)
  Robin (D:2)
  3 gnolls (D:2)
  5 adders
  A river rat (D:3)
  2 worms
  A dart slug (D:2)
  4 orcs
  6 ball pythons
  5 bats
  4 endoplasms (D:2)
  3 giant cockroaches
  13 goblins
  10 hobgoblins
  4 jackals (D:1)
  5 kobolds
  7 quokkas
  5 frilled lizards
  A gnoll zombie (Ossuary)
  2 orc zombies (Ossuary)
  10 rats
104 creatures vanquished.

Notes
Turn   | Place    | Note
-------+----------+-------------------------------------------
     0 | D:1      | qw the Gargoyle Hunter began the quest for the Orb.
     0 | D:1      | Reached XP level 1. HP: 12/12 MP: 1/1
     0 | D:1      | 0 ||| qw: Version: 0.3-a-76-g4403597
     0 | D:1      | 0 ||| qw: Game counter: 14
     0 | D:1      | 0 ||| qw: Melee chars always use a shield: true
     0 | D:1      | 0 ||| qw: God list: Okawaru
     0 | D:1      | 0 ||| qw: Allow faded altars: false
     0 | D:1      | 0 ||| qw: Do Orc after clearing Dungeon:15 true
     0 | D:1      | 0 ||| qw: Do second Lair branch before Depths: true
     0 | D:1      | 0 ||| qw: Lair rune preference: random
     0 | D:1      | 0 ||| qw: Goals: Normal
     0 | D:1      | 0 ||| PLANNING D:1-11
    95 | D:1      | Found a faded altar of an unknown god.
   181 | D:1      | Reached XP level 2. HP: 17/17 MP: 2/2
   373 | D:1      | Reached XP level 3. HP: 19/21 MP: 3/3
   401 | D:1      | Reached skill level 5 in Ranged Weapons
   768 | D:1      | 768 ||| UPGRADING to +0 ring mail.
   778 | D:1      | 778 ||| DROPPING +0 leather armour.
   779 | D:1      | 779 ||| READING scroll labelled RORI WUNAUNK.
   780 | D:1      | 780 ||| READING 2 scrolls labelled FYVIAL FIWAI.
   785 | D:1      | 785 ||| READING scroll labelled EDYSAGHUBE.
   786 | D:1      | 786 ||| DROPPING scroll of butterflies.
   880 | D:2      | Reached skill level 1 in Armour
   931 | D:2      | Reached skill level 3 in Fighting
   931 | D:2      | Reached XP level 4. HP: 8/28 MP: 4/4
  1070 | D:2      | Noticed Robin
  1081 | D:2      | HP: 7/28 [goblin/+0 dagger[Robin] (1)]
  1082 | D:2      | 1082 ||| READING scroll of teleportation.
  1182 | D:2      | Killed Robin
  1441 | D:2      | Reached XP level 5. HP: 32/32 MP: 5/5
  1445 | D:2      | 1445 ||| UPGRADING to +0 helmet.
  1450 | D:2      | 1450 ||| UPGRADING to amulet of the acrobat.
  1455 | D:2      | 1455 ||| READING scroll labelled WYCOYTUAZOSM.
  1456 | D:2      | 1456 ||| READING scroll labelled RENLINI LESU.
  1457 | D:2      | 1457 ||| DRINKING 2 lumpy golden potions.
  1478 | D:3      | 1478 ||| PLANNING SEWER
  1767 | D:3      | HP: 8/32 [rat (3)]
  1768 | D:3      | 1768 ||| READING 2 scrolls of teleportation.
  2128 | D:3      | 2128 ||| RIP SEWER
  2183 | D:3      | 2183 ||| PLANNING D:1-11
  2366 | D:3      | 2366 ||| READING scroll labelled YREIVE WAULUZ.
  2367 | D:3      | 2367 ||| READING scroll labelled BOMAYNOHAUG.
  2368 | D:3      | 2368 ||| READING scroll labelled QYMMADEIHU.
  2369 | D:3      | 2369 ||| READING scroll labelled POKUGG GIET.
  2370 | D:3      | 2370 ||| READING scroll labelled QOFIOT RI COMI.
  2384 | D:4      | 2384 ||| PLANNING OSSUARY
  2401 | D:4      | Reached skill level 6 in Ranged Weapons
  2524 | D:4      | You fall into a shaft and drop 1 floor!
  2524 | D:5      | Entered Level 5 of the Dungeon
  2544 | D:5      | 2544 ||| READING scroll of enchant weapon.
  2544 | D:5      | 2544 ||| ENCHANTING +1 heavy shortbow.
  2580 | D:5      | 2580 ||| READING scroll labelled PYIDIUC GOMP.
  2589 | D:4      | Found a sand-covered staircase.
  2591 | D:4      | Noticed Grinder
  2599 | D:4      | Paralysed by Grinder for 2 turns
  2606 | D:4      | Killed Grinder
  2607 | D:4      | Reached skill level 7 in Ranged Weapons
  2607 | D:4      | Reached XP level 6. HP: 20/38 MP: 6/6
  2692 | Ossuary  | Entered an ossuary
  2728 | Ossuary  | Reached XP level 7. HP: 43/43 MP: 7/7
  2873 | Ossuary  | Reached skill level 8 in Ranged Weapons
  2913 | Ossuary  | 2913 ||| READING scroll labelled HYDOTA COUKH.
  2914 | Ossuary  | 2914 ||| DRINKING 2 pink potions.
  2930 | D:4      | 2930 ||| PLANNING D:1-11
  3016 | D:4      | Found a large runed translucent door.
  3016 | D:4      | Found a large runed translucent door.
  3036 | D:4      | Noticed a two-headed ogre
  3040 | D:4      | HP: 9/44 [two-headed ogre/+0 giant club (5)]
  3041 | D:4      | 3041 ||| READING 7 scrolls of teleportation.
  3041 | D:4      | Mangled by a two-headed ogre

Levels and vault maps discovered:
D:1:      minmay_arrival_split_and_join, layout_basic,
          shapermc_ecumenical_altar_mp_ritualfount
D:2:      minmay_evil_eye, layout_rooms, uniq_robin
D:3:      layout_basic, portal_sewer_entry_b
D:4:      layout_rooms, minmay_temple_entry_poolview,
          nicolae_ossuary_entry_monument, minmay_hollow_rounded_squares,
          uniq_crazy_yiuf_cottage, uniq_grinder
D:5:      layout_gridville, minmay_fire_ice_demons, uniq_sigmund

Skill      XL: |  1  2  3  4  5  6  7 |
---------------+----------------------+-----
Ranged Weapons | 5 7 8 |  8.1
Armour         | 1 |  1.0
Fighting       | 3 4 |  4.4
Dodging        | |  1.5
Stealth        | |  1.1

Action                     |  1- 3 |  4- 6 |  7- 9 || total
---------------------------+-------+-------+-------++-------
   Fire: Shortbow          |   103 |   178 |    56 ||   337
    Use: Scroll            |     3 |    11 |     2 ||    16
         Potion            |       |     1 |     1 ||     2
 Armour: Leather armour    |    18 |       |       ||    18
         Ring mail         |    10 |   121 |    53 ||   184
  Dodge: Dodged            |    40 |    92 |    43 ||   175

Table legend:
 A = Non-vault XP
 B = Vault XP
 C = Vault XP percentage of total XP
 D = Non-vault monster count
 E = Vault monster count
 F = Vault count percentage of total count
                 A         B        C        D         E       F
            +---------+---------+-------+---------+---------+-------
      Total |     261 |     660 |  71.7 |      69 |      35 |  33.7
            +---------+---------+-------+---------+---------+-------
        D:1 |      44 |       0 |   0.0 |      27 |       0 |   0.0
        D:2 |      83 |      40 |  32.5 |      17 |      14 |  45.2
        D:3 |      28 |      18 |  39.1 |      13 |       5 |  27.8
        D:4 |      66 |     277 |  80.8 |      11 |       3 |  21.4
        D:5 |      40 |       0 |   0.0 |       1 |       0 |   0.0
    Ossuary |       0 |     325 | 100.0 |       0 |      13 | 100.0
            +---------+---------+-------+---------+---------+-------
